 Dungeon Sprint DCSS version 0.21-a0-225-g207ae17 (webtiles) character file.

2269 KristoblXynda the Carver (level 9, -17/67 HPs)
             Began as a Vampire Gladiator on Aug 28, 2017.
             Was a Priest of Makhleb.
             Demolished by a merfolk
             ... wielding a +0 trident
              (19 damage)
             ... in the Dungeon (Sprint V: "Ziggurat Sprint").
             The game lasted 00:04:37 (375 turns).

KristoblXynda the Carver (Vampire Gladiator)         Turns: 375, Time: 00:04:39

Health: -17/67     AC: 15    Str: 22    XL:     9   Next: 16%
Magic:  11/11      EV:  5    Int: 11    God:    Makhleb [***...]
Gold:   0          SH:  0    Dex: 21    Spells: 8/8 levels left

rFire    + . .     SeeInvis +   J - +7 Screaming Sword
rCold    . . .     Gourm    .   m - +3 shield
rNeg     . . .     Faith    .   L - +3 chain mail {rF+}
rPois    .         Spirit   .   c - +0 helmet
rElec    .         Reflect  .   (no cloak)
rCorr    .         Harm     .   (no gloves)
MR       .....     NoTele   +   (no boots)
Stlth    ..........             (no amulet)
HPRegen  0.41/turn              D - +6 ring of strength
MPRegen  0.12/turn              A - +6 ring of dexterity

@: very slightly contaminated, held, regenerating quickly
A: fangs 3, see invisible, unbreathing
a: Minor Destruction, Lesser Servant of Makhleb, Renounce Religion


You were in the Dungeon.
You worshipped Makhleb.
Makhleb was most pleased with you.
You were full.

You visited 1 branch

Inventory:

Hand Weapons
 J - the +7 Screaming Sword (weapon)
   (You found it in the Dungeon)
Missiles
 d - 3 throwing nets (quivered)
Armour
 c - a +0 helmet (worn)
 m - a +3 shield (worn)
 L - a +3 chain mail of fire resistance (worn)
Jewellery
 A - a +6 ring of dexterity (right hand)
 D - a +6 ring of strength (left hand)
Wands
 F - a wand of disintegration (7/24)
 G - a wand of iceblast (0/15)
 I - a wand of acid (9/15)
Scrolls
 k - 3 scrolls of blinking
 n - 4 scrolls of amnesia
 o - 2 scrolls of recharging
 p - 7 scrolls of fog
 q - 5 scrolls of identify
 r - 5 scrolls of remove curse
 s - a scroll of fear
Potions
 e - 2 potions of blood
 f - 10 potions of curing
 g - 5 potions of heal wounds
 h - 6 potions of haste
 i - 7 potions of magic
 j - 3 potions of berserk rage
 t - 2 potions of brilliance
 u - 2 potions of invisibility
 v - 4 potions of resistance
 x - 5 potions of agility
 z - 5 potions of might
Miscellaneous
 a - a fan of gales (inert)
 w - a phial of floods
 K - a phantom mirror


   Skills:
 - Level 4.9 Fighting
 + Level 13.0 Long Blades
 - Level 1.5 Throwing
 + Level 9.1 Armour
 - Level 3.2 Dodging
 + Level 9.8 Shields
 + Level 3.8 Invocations


You had 8 spell levels left.
You didn't know any spells.

Dungeon Overview and Level Annotations

Branches:
Dungeon (1/1)

Altars:
Ashenzari
Cheibriados
Dithmenos
Elyvilon
Fedhas
Gozag
Hepliaklqana
Kikubaaqudgha
Makhleb
Nemelex Xobeh
Okawaru
Qazlal
Ru
Sif Muna
Trog
Uskayaw
Vehumet
Wu Jian
Xom
Yredelemnul
Zin
The Shining One
Beogh
Jiyva
Lugonu

Annotations:
D 1 transporter


Innate Abilities, Weirdness & Mutations

Your natural rate of healing is unusually fast.
You have razor-sharp teeth.
You have supernaturally acute eyesight. (SInv)
You can survive without breathing.


Message History

The merfolk is severely wounded.
The iceblast engulfs the merfolk.
The merfolk is almost dead.
This wand has 0 charges left.
The Screaming Sword laughs, "I always appreciate a bleeding ovation!"
The merfolk are hurt by the noise.
The merfolk hits you from afar with a trident!
* * * LOW HITPOINT WARNING * * *
The merfolk throws a tomahawk.
The tomahawk hits you.
* * * LOW HITPOINT WARNING * * *
The merfolk hits you from afar with a trident.
* * * LOW HITPOINT WARNING * * *
Unknown command.
Unknown command.
Okay, then.
As you read the scroll of fear, it crumbles to dust.
You assume a fearsome visage.
The merfolk looks frightened!
The merfolk resists with some effort.
The merfolk looks frightened! x3
The merfolk hits you from afar with a trident!!
You die...

▓.8©8.▓.8©8.▓.8©8.▓
▓.}:..▓.?...▓.....▓
▓.."..▓..÷..▓.).).▓
▓...).▓.....▓.....▓
▓.....▓.....▓.....▓
▓.....▓.....▓..©..▓
▓..©..▓..©..▓▓▓▓▓▓▓
▓▓▓▓▓▓▓▓▓▓▓▓▓▓▓▓▓▓
..8©8...▓..8©8m.@▓
.).=)...▓..==mm..▓
...=....▓..|..m..▓
./......▓.....m..▓
........▓........▓
.▓.(..▓.▓.▓.(..▓.▓
...©....▓...©(...▓
▓▓▓▓▓▓▓▓▓▓▓▓▓▓▓▓▓▓


You could see 5 merfolk.

Vanquished Creatures
  A dancing weapon (D)
  A deep elf archer (D)
  A water elemental (D)
  A spriggan (D)
  2 black bears (D)
  4 wolves (D)
  A mummy (D)
  A quokka zombie (D)
12 creatures vanquished.

Vanquished Creatures (others)
  A deep elf knight (D)
1 creature vanquished.

Grand Total: 13 creatures vanquished

Notes
Turn   | Place    | Note
-------+----------+-------------------------------------------
     0 | D        | Found the +6 Majin-Bo {vamp, Archmagi MP+6 Int+6}
     0 | D        | Found the +7 great mace "Firestarter" {inner flame, rF++}
     0 | D        | KristoblXynda the Vampire Gladiator began the quest for the Orb.
     0 | D        | Reached XP level 1. HP: 16/16 MP: 1/1
     0 | D        | Found a blossoming altar of Fedhas.
     5 | D        | Found a sacrificial altar of Ru.
     5 | D        | Found a deep blue altar of Sif Muna.
     5 | D        | Found a stormy altar of Qazlal.
     5 | D        | Found a bloodstained altar of Trog.
     5 | D        | Found an iron altar of Okawaru.
     5 | D        | Found a sparkling altar of Nemelex Xobeh.
     5 | D        | Found a transporter.
     5 | D        | Found an ancient bone altar of Kikubaaqudgha.
     5 | D        | Found a viscous altar of Jiyva.
     5 | D        | Found a corrupted altar of Lugonu.
     5 | D        | Found a hazy altar of Hepliaklqana.
     5 | D        | Found a burning altar of Makhleb.
     5 | D        | Found an opulent altar of Gozag.
    25 | D        | Found the +9 heavy crossbow "Sniper" {velocity, Acc+∞ SInv}
    25 | D        | Found the +10 dark maul {crush}
    25 | D        | Found the +15 Maxwell's patent armour {-Cast -Tele rElec MR+ rCorr}
    25 | D        | Found the +18 shield of the Gong {rElec rN+ MR+ EV-5}
    25 | D        | Found the cursed +14 obsidian axe {chop, +Fly SInv *Curse}
    26 | D        | Found the +6 shillelagh "Devastator" {shatter}
    26 | D        | Found the +11 plutonium sword {*Contam Stlth-}
    26 | D        | Found the +8 lance "Wyrmbane" {slay drac, rPois rF+ rC+ AC+3}
    26 | D        | Found the +9 sword of Zonguldrok {reap}
    26 | D        | Found the cursed +13 scythe of Curses {drain, *Curse}
    26 | D        | Found the +0 sword of Power
    26 | D        | Found the +6 mace of Variability {chaos}
    26 | D        | Found the +7 Singing Sword
    26 | D        | Found the +7 longbow "Piercer" {penet, EV-2}
    40 | D        | Became a worshipper of Makhleb the Destroyer
    47 | D        | Reached skill level 8 in Long Blades
    47 | D        | Reached XP level 2. HP: 22/22 MP: 2/2
    56 | D        | Entered arena 2.
    56 | D        | Found a transporter.
    57 | D        | Reached skill level 1 in Armour
    57 | D        | Reached skill level 1 in Shields
   151 | D        | Entered arena 3.
   151 | D        | Noticed a wolf
   151 | D        | Noticed a black bear
   151 | D        | Noticed a wolf
   151 | D        | Found a transporter.
   153 | D        | Killed a black bear
   153 | D        | Reached * piety under Makhleb
   153 | D        | Reached skill level 9 in Long Blades
   153 | D        | Reached XP level 3. HP: 27/27 MP: 3/3
   153 | D        | Reached XP level 4. HP: 33/33 MP: 4/4
   153 | D        | Killed a wolf
   153 | D        | Reached XP level 5. HP: 38/38 MP: 5/5
   155 | D        | Killed a wolf
   155 | D        | Reached skill level 10 in Long Blades
   155 | D        | Reached skill level 5 in Armour
   155 | D        | Reached skill level 5 in Shields
   155 | D        | Reached XP level 6. HP: 43/44 MP: 6/6
   171 | D        | Entered arena 4.
   171 | D        | Noticed a spriggan
   171 | D        | Found a transporter.
   173 | D        | Reached ** piety under Makhleb
   187 | D        | Reached skill level 11 in Long Blades
   187 | D        | Reached XP level 7. HP: 24/49 MP: 7/7
   189 | D        | Killed a spriggan
   200 | D        | Identified Enae's Volume of Mutagenic Darkness (You found it in the Dungeon)
   262 | D        | Entered arena 5.
   262 | D        | Noticed a deep elf knight
   262 | D        | Noticed a deep elf archer
   262 | D        | Noticed a water elemental
   262 | D        | Noticed a long sword of protection
   262 | D        | Found a transporter.
   265 | D        | Killed a water elemental
   265 | D        | Reached *** piety under Makhleb
   265 | D        | Killed a long sword of protection
   265 | D        | Reached skill level 12 in Long Blades
   265 | D        | Reached XP level 8. HP: 61/61 MP: 8/8
   269 | D        | Killed a deep elf knight
   276 | D        | Killed a deep elf archer
   276 | D        | Reached skill level 13 in Long Blades
   276 | D        | Reached XP level 9. HP: 51/67 MP: 8/11
   363 | D        | Entered arena 6.
   363 | D        | Noticed a merfolk
   363 | D        | Noticed a merfolk
   363 | D        | Noticed a merfolk
   363 | D        | Noticed a merfolk
   363 | D        | Noticed a merfolk
   363 | D        | Found a transporter.
   374 | D        | HP: 1/67 [merfolk/trident (3)]
   375 | D        | Demolished by a merfolk

Vault maps used:
D:        sprint_v

Skill      XL: |  1  2  3  4  5  6  7  8 |
---------------+-------------------------+-----
Long Blades    | 8 9 10 11 12 13 | 13.0
Armour         | 3 4 5 6 8 9 |  9.1
Shields        | 3 4 5 7 9 |  9.8
Fighting       | 4 |  4.9
Invocations    | 3 |  3.8
Throwing       | |  1.5
Dodging        | |  3.2

Action                   |  1- 3 |  4- 6 |  7- 9 || total
-------------------------+-------+-------+-------++-------
Melee: Double sword      |       |     6 |     7 ||    13
       Bite              |       |     2 |     3 ||     5
Evoke: Wand              |     2 |     2 |     6 ||    10
       Fan of gales      |       |       |     1 ||     1
  Use: Potion            |     1 |     3 |     5 ||     9
       Scroll            |       |       |     3 ||     3
Armor: Leather armour    |       |     2 |       ||     2
       Chain mail        |       |       |     3 ||     3
Dodge: Dodged            |       |    16 |     9 ||    25
Block: Buckler           |       |    17 |     4 ||    21
       Shield            |       |       |     2 ||     2
       Rpst.: Double sword |       |     4 |     2 ||     6

Table legend:
 A = Spawn XP
 B = Non-spawn XP
 C = Spawn XP percentage of total XP
 D = Spawn monster count
 E = Non-spawn monster count
 F = Spawn count percentage of total count
 G = Total turns spent on level
                    A         B        C        D         E        F      G
               +---------+---------+-------+---------+---------+-------+---------
         Total |       0 |    3230 |   0.0 |       0 |      13 |   0.0 |   375
               +---------+---------+-------+---------+---------+-------+---------
             D |       0 |    3230 |   0.0 |       0 |      13 |   0.0 |   375
               +---------+---------+-------+---------+---------+-------+---------
